 Dungeon Crawl Stone Soup version 0.13-a0-2672-g649a1be (webtiles) character file.

429 Kae the Ducker (level 6, 0/41 HPs)
             Began as a Halfling Abyssal Knight on Aug 11, 2013.
             Was a Priest of Lugonu.
             Slain by an orc wizard
             ... wielding a +0,+2 orcish dagger
              (4 damage)
             ... on Level 4 of the Dungeon.
             The game lasted 00:05:12 (3856 turns).

Kae the Ducker (Halfling Abyssal Knight)            Turns: 3856, Time: 00:05:12

HP   0/41        AC  4     Str  9      XL: 6   Next: 28%
MP   6/10        EV 16     Int 13      God: Lugonu [***...]
Gold 191         SH  0     Dex 17      Spells:  0 memorised,  5 levels left

Res.Fire  : . . .   See Invis. : .   a - +2 short sword
Res.Cold  : . . .   Warding    : .   b - +0 leather armour
Life Prot.: . . .   Conserve   : .   (no shield)
Res.Poison: .       Res.Corr.  : .   (no helmet)
Res.Elec. : .       Clarity    : .   (no cloak)
Sust.Abil.: . .     Spirit.Shd : .   x - +0 pair of gauntlets
Res.Mut.  : .       Stasis     : .   (no boots)
Res.Rott. : .       Flight     : .   (no amulet)
Saprovore : . . .                    (no ring)
                                     (no ring)

@: slightly resistant to hostile enchantments, unstealthy
A: mutation resistance 1, slow metabolism 1
a: Depart the Abyss, Bend Space, Banish, Renounce Religion


You were on level 4 of the Dungeon.
You worshipped Lugonu.
Lugonu was greatly pleased with you.
You were not hungry.

You visited 1 branch of the dungeon, and saw 4 of its levels.
You visited the Abyss 1 time.

You collected 171 gold pieces.

Inventory:

Hand weapons
 a - a +2,+2 short sword (weapon)
Missiles
 t - 63 sling bullets
 C - 13 stones (quivered)
Armour
 b - a +0 leather armour (worn)
 x - a +0 pair of gauntlets (worn)
Magical devices
 q - a wand of random effects (7) {unknown}
Comestibles
 c - 5 bread rations
 d - a meat ration
 r - a choko
 D - a chunk of adder flesh
Scrolls
 e - 4 scrolls of remove curse {unknown}
 i - 2 scrolls of noise {unknown}
 j - a scroll of curse weapon {unknown}
 m - a scroll of recharging {unknown}
 n - 2 scrolls of enchant weapon I {unknown}
 o - a scroll of curse armour {unknown}
 p - 2 scrolls of fog {unknown}
 u - 2 scrolls of random uselessness {unknown}
 v - a scroll of teleportation {unknown}
 z - 4 scrolls of identify {unknown}
Jewellery
 g - an uncursed ring of protection from magic {unknown}
 y - an uncursed amulet of warding {unknown}
Potions
 f - 3 potions of curing {unknown}
 h - 3 potions of heal wounds {unknown}
 k - a potion of might {unknown}
 l - 2 potions of paralysis {unknown}
 s - a potion of slowing {unknown}
 B - a potion of poison {unknown}


   Skills:
 - Level 2.7 Fighting
 - Level 2.6 Short Blades
 - Level 0.7 Armour
 * Level 6.1 Dodging
 + Level 4.0 Invocations


You had 5 spell levels left.
You didn't know any spells.

Dungeon Overview and Level Annotations

Branches:
Dungeon (4/27)
 Temple: D:4-7

Altars:


Innate Abilities, Weirdness & Mutations

You are small and have problems with some larger weapons.
You are somewhat resistant to further mutation.
You have a slow metabolism.


Message History

The magic dart hits you!
* * * LOW HITPOINT WARNING * * *
The orc hits you but does no damage.
You are feeling hungry.
You hit the orc.
You kill the orc!
Lugonu accepts your kill. It hits you but does no damage. It barely misses you.
You hear some strange, mumbled words.
Something tries to affect you, but you resist.
Unknown command.
Use which ability? (? or * to list)
Press: ? - help, Shift-Dir - straight line Nothing appears to happen.
You feel somewhat more hungry. It hits you.
* * * LOW HITPOINT WARNING * * *
Unknown command.
You start resting.
Eating a chunk of quokka flesh.
This raw flesh tastes terrible.
It hits you.
You die...

#.#####.#
#####..#####
...#.......#
#.......
.........#########
##.####.
...................
#.. #.
..!..........####
#.. #.
.............# ####
#. <........)...#
#.
####+#.)[...##....
####. #...@........
......
####...##.... #####
'.=.+ .. ##...#
..... ###### ######
#..... #.....


There were no monsters in sight!

Vanquished Creatures
  3 adders
  A giant mite (D:1)
  4 worms (D:3)
  An adder skeleton (D:4)
  A giant gecko (D:1)
  4 orcs
  3 giant cockroaches
  12 hobgoblins
  7 jackals
  7 kobolds
  3 quokkas
  8 bats
  5 giant newts
  8 goblins
  3 rats
70 creatures vanquished.

Vanquished Creatures (others)
  An ogre (D:3)
  The ghost of ilii the Cudgeler, an average DrSk (D:3)
2 creatures vanquished.

Grand Total: 72 creatures vanquished

Notes
Turn   | Place    | Note
--------------------------------------------------------------
     0 | Abyss:1  | Kae, the Halfling Abyssal Knight, began the quest for the Orb.
     0 | Abyss:1  | Reached XP level 1. HP: 14/14 MP: 1/1
    55 | Abyss:1  | Noticed an ancient zyme
    69 | D:1      | Escaped the Abyss
   245 | D:1      | Reached XP level 2. HP: 19/19 MP: 2/2
   263 | D:1      | Reached skill level 3 in Dodging
   638 | D:1      | Acquired Lugonu's second power
   687 | D:1      | Reached XP level 3. HP: 5/25 MP: 4/4
  1718 | D:2      | Reached skill level 4 in Dodging
  1718 | D:2      | Reached XP level 4. HP: 22/30 MP: 5/5
  2064 | D:3      | Acquired Lugonu's third power
  2078 | D:3      | Noticed ilii's ghost (average DrSk)
  2982 | D:3      | Reached XP level 5. HP: 35/35 MP: 7/7
  3061 | D:3      | Reached skill level 5 in Dodging
  3114 | D:3      | Noticed an ogre
  3165 | D:3      | Banished an ogre
  3564 | D:3      | Banished ilii's ghost
  3564 | D:3      | Reached skill level 6 in Dodging
  3564 | D:3      | Reached XP level 6. HP: 39/41 MP: 7/9
  3856 | D:4      | Slain by an orc wizard

Action                   |  1- 3 |  4- 6 || total
-------------------------+-------+-------++-------
Melee: Short sword       |    87 |   156 ||   243
Invok: Banish            |       |     4 ||     4
       Bend Space        |       |     1 ||     1
 Stab: Sleeping          |     1 |     1 ||     2
